Map: Ulrena

Players

Kabatek - Winner!

  • Race: Terran Terran
  • League: Gold
  • Spawn Location: 7:00

zidar

  • Race: Zerg Zerg
  • League: Gold
  • Spawn Location: 11:00

VOD

Have the link to the VOD?

Description

Time

  • Played on: June 7, 2016, 11:47 a.m.
  • Length: 12:31
Show
View Real Time Build Order
Export as new Build Order

Kabatek Terran - Winner!

Build Orders:  

Get SALT Encoding   

  12  0:01  SCV  
  13  0:15  Supply Depot  
  13  0:18  SCV  
  14  0:26  Refinery  
  14  0:39  Barracks  
  14  0:43  SCV  
  15  0:55  SCV  
  16  1:07  Supply Depot  
  16  1:18  SCV  
  17  1:30  SCV  
  18  1:32  Refinery  
  18  1:33  Barracks Reactor  
  18  1:50  SCV, Supply Depot  
  19  2:02  Factory  
  19  2:09  Marine  
  19  2:10  Marine  
  21  2:20  Supply Depot  
  21  2:22  Orbital Command  
  21  2:29  Marine  
  22  2:31  Marine  
  23  2:50  Factory Tech Lab  
  23  2:54  Marine  
  23  2:55  Starport  
  24  3:09  Marine  
  24  3:12  Marine  
  26  3:25  Siege Tank  
  26  3:26  SCV  
  30  3:27  Marine  
  31  3:34  Starport Reactor  
  31  3:38  SCV  
  32  3:45  Starport  
  32  4:05  SCV  
  32  4:12  Command Center  
  32  4:14  Marine x2  
  34  4:17  SCV  
  31  4:28  Starport Reactor  
  30  4:32  Marine x2  
  30  4:34  Starport Tech Lab  
  35  4:49  Marine  
  35  4:50  Marine  
  37  4:54  Banshee  
  37  4:56  Cloaking Field  
  40  5:00  SCV  
  40  5:04  Medivac  
  43  5:12  SCV  
  44  5:25  Supply Depot  
  44  5:30  Orbital Command  
  44  5:37  Banshee  
  44  5:38  Viking  
  49  5:45  Viking  
  49  5:48  SCV  
  52  5:58  SCV  
  52  6:01  SCV  
  54  6:12  Supply Depot  
  54  6:16  Factory  
  54  6:22  Marine x2  
  54  6:24  Barracks  
  56  6:27  SCV  
  56  6:28  SCV  
  58  6:33  Medivac  
  58  6:39  Barracks, SCV  
  61  6:50  Marine  
  61  6:51  Marine  
  63  6:57  SCV x2  
  63  6:59  Refinery  
  65  7:02  Refinery  
  65  7:09  SCV x2  
  67  7:19  Barracks Tech Lab  
  67  7:32  Barracks Tech Lab  
  67  7:34  Medivac x2  
  71  7:55  Marine x3, Command Center  
  71  7:56  Marine, Refinery  
  71  7:57  Refinery  
  75  7:58  SCV  
  75  7:59  SCV  
  77  8:11  Combat Shield, SCV, Stimpack  
  77  8:12  Factory Tech Lab  
  78  8:18  Supply Depot  
  78  8:21  SCV  
  78  8:22  Supply Depot  
  78  8:23  SCV  
  78  8:27  Marine  
  77  8:30  Factory Tech Lab  
  78  8:40  Marine, SCV x2, Siege Tank, Medivac  
  86  8:43  Medivac  
  88  8:52  SCV  
  88  8:55  Marine x3  
  91  8:58  Marine  
  93  9:05  Barracks  
  93  9:06  Engineering Bay  
  93  9:12  Siege Tank  
  93  9:13  Marine x2, Armory  
  98  9:23  Marine x2  
  100  9:30  Marine  
  103  9:31  Marauder  
  103  9:32  Orbital Command  
  103  9:33  Engineering Bay  
  103  9:41  Marine  
  103  9:42  Marauder  
  103  9:44  Siege Tank  
  109  9:52  Barracks  
  109  9:57  Supply Depot  
  109  9:59  Barracks Reactor, Supply Depot x2  
  109  10:19  Marine x3, Marauder, SCV x2  
  109  10:20  Supply Depot  
  109  10:21  Siege Tank x2  
  122  10:23  Terran Infantry Armor Level 1, Terran Infantry Weapons Level 1  
  122  10:24  Terran Vehicle Weapons Level 1  
  122  10:31  SCV  
  123  10:36  Marine  
  123  10:37  Marine x4  
  123  10:40  Marine  
  123  10:41  SCV  
  130  10:44  SCV x2  
  130  10:47  Banshee  
  135  10:53  Viking, Siege Tank  
  134  11:10  Marine x5  
  134  11:11  Marine  
  140  11:28  Marine  
  141  11:37  Barracks Tech Lab, Supply Depot  
  141  11:39  Supply Depot  
  141  11:40  Supply Depot  
  141  11:41  Supply Depot  
  141  11:59  Marine x5  
  141  12:00  Marine  
  156  12:02  Supply Depot  
Show
View Real Time Build Order
Export as new Build Order

zidar Zerg 

Build Orders: Pool First 

Get SALT Encoding   

  12  0:01  Drone  
  13  0:12  Overlord  
  13  0:17  Drone  
  14  0:21  Extractor  
  14  0:23  Drone  
  15  0:30  Drone  
  15  0:34  Drone  
  17  0:47  Spawning Pool  
  17  0:49  Drone  
  17  0:53  Extractor  
  17  0:56  Drone  
  17  1:19  Hatchery  
  16  1:32  Overlord  
  16  1:33  Drone x2  
  18  1:45  Queen  
  20  1:54  Drone  
  20  1:55  Drone  
  22  2:15  Roach Warren  
  21  2:23  Queen  
  21  2:29  Drone x3  
  25  2:55  Roach x4  
  25  2:56  Roach  
  35  3:42  Overlord x2  
  35  3:45  Ravager  
  36  3:56  Lair  
  27  4:32  Drone  
  27  4:33  Drone x15  
  43  4:46  Extractor  
  43  4:48  Hatchery  
  41  4:58  Extractor  
  40  5:02  Extractor  
  39  5:11  Glial Reconstitution  
  39  5:21  Evolution Chamber  
  38  5:22  Evolution Chamber  
  38  5:26  Pneumatized Carapace  
  37  5:38  Drone x8  
  46  5:42  Drone  
  46  5:43  Drone  
  46  5:45  Roach  
  46  5:46  Roach  
  46  5:48  Overlord x2  
  46  5:49  Overlord  
  51  5:57  Drone  
  52  6:06  Zerg Ground Armor Level 1  
  52  6:09  Queen  
  54  6:12  Drone  
  54  6:13  Drone  
  54  6:16  Roach  
  54  6:17  Roach x6  
  70  6:21  Ravager x2  
  72  6:35  Spire  
  72  6:39  Queen  
  73  6:55  Overlord x2  
  73  6:56  Overlord  
  73  7:06  Zerg Melee Weapons Level 1  
  73  7:11  Drone  
  73  7:14  Drone  
  73  7:15  Drone x6  
  80  7:16  Drone x3  
  80  7:17  Drone x5  
  78  7:31  Overseer  
  73  8:06  Mutalisk  
  73  8:07  Mutalisk x8  
  73  8:10  Drone x3  
  94  8:19  Zerg Flyer Weapons Level 1  
  94  8:33  Drone x2  
  96  8:59  Infestation Pit  
  96  9:02  Zerg Melee Weapons Level 2  
  95  9:07  Zerg Ground Armor Level 2  
  95  9:31  Extractor  
  95  9:32  Drone x4  
  95  9:33  Extractor  
  95  9:35  Drone  
  95  9:38  Overlord x4  
  98  9:39  Overlord x2  
  98  9:41  Hatchery  
  98  9:45  Hive  
  97  9:46  Drone  
  98  10:13  Zerg Flyer Weapons Level 2  
  98  10:19  Roach x10  
  118  10:27  Overseer  
  118  10:31  Roach x5  
  118  10:32  Roach x4  
  136  11:06  Ravager  
  136  11:07  Ravager x3  
  140  11:12  Zergling x14  
  140  11:13  Zergling x10  
  140  11:15  Overlord  
  152  11:50  Overlord  
  152  11:51  Overlord x5  
Tags
 
League
GoldGold
Matchup
TvZ
Opening
Pool First
Spawn Locations
Close Positions
Add a new tag
Caveats
  • Supply blocks, unpowered buildings, or Contaminate may cause inaccurate times.
  • Supply counts are checked every 10 seconds.